 Dungeon Crawl Stone Soup version 0.23.0-3-gf3c87f2df8 (webtiles) character file.

Game seed: 11456349849222780351

84 mitkoXXVII the Grave Robber (level 4, -2/33 HPs)
             Began as a Mummy Necromancer on Feb 22, 2019.
             Slain by an orc
             ... wielding a +0 hand axe
              (4 damage)
             ... on level 3 of the Dungeon.
             The game lasted 00:08:43 (2617 turns).

mitkoXXVII the Grave Robber (Mummy Necromancer)     Turns: 2617, Time: 00:08:44

Health: -2/33      AC:  2    Str: 11    XL:     4   Next: 23%
Magic:  1/9        EV: 11    Int: 15    God:
Gold:   90         SH:  3    Dex: 12    Spells: 1/10 levels left

rFire    x . .     SeeInvis .   f - +0 dagger
rCold    + . .     Gourm    .   g - +0 buckler
rNeg     + + +     Faith    .   a - +0 robe
rPois    ∞         Spirit   .   (no helmet)
rElec    .         Reflect  .   (no cloak)
rCorr    .         Harm     .   (no gloves)
MR       .....                  (no boots)
Stlth    ++........             (no amulet)
HPRegen  0.11/turn              (no ring)
MPRegen  0.11/turn              (no ring)

@: no status effects
A: no food or potions, fire vulnerability, cold resistance 1, negative energy
resistance 3, torment resistance, unbreathing
a: no special abilities


You were on level 3 of the Dungeon.
You were not hungry.

You visited 1 branch of the dungeon, and saw 3 of its levels.

You collected 90 gold pieces.

Inventory:

Hand Weapons
 f - a +0 dagger (weapon)
Missiles
 e - 146 stones (quivered)
 k - 19 sling bullets
Armour
 a - a +0 robe (worn)
 d - a +0 large shield
 g - a +0 buckler (worn)
Scrolls
 b - a scroll of identify {unknown}
 c - 3 scrolls of teleportation {unknown}
 h - 3 scrolls of remove curse {unknown}
 i - a scroll of immolation {unknown}
 j - 2 scrolls of magic mapping {unknown}


   Skills:
 + Level 1.9 Fighting
 - Level 1.5 Dodging
 - Level 1.5 Stealth
 * Level 1.2 Shields
 + Level 3.6 Spellcasting
 + Level 4.5 Necromancy


You had one spell level left.
You knew the following spells:

 Your Spells              Type           Power        Failure   Level  Hunger
a - Pain                  Necr           ###.         4%          1    N/A
b - Animate Skeleton      Necr           N/A          4%          1    N/A
c - Vampiric Draining     Necr           ###.......   12%         3    N/A
d - Animate Dead          Necr           N/A          38%         4    N/A

Your spell library contained the following spells:

 Spells                   Type           Power        Failure   Level  Hunger
 Regeneration             Chrm/Necr      Unusable     N/A         3    N/A

Dungeon Overview and Level Annotations

Branches:
Dungeon (3/15)

Altars:
Fedhas
Gozag
Kikubaaqudgha
Ru
Xom


Innate Abilities, Weirdness & Mutations

You do not eat or drink.
Your flesh is vulnerable to fire.
You are immune to poison.
Your flesh is cold resistant. (rC+)
You are immune to negative energy. (rN+++)
You are immune to unholy pain and torment.
You can survive without breathing.


Message History

Press: ? - help, Shift-Dir - straight line, f - orc
Aim: an orc, wielding a +0 hand axe (chance to defeat MR: 87%)
The orc barely resists.
The orc hits you with a +0 hand axe.
* * * LOW HITPOINT WARNING * * *
Casting: Pain (safe; 4% risk of failure)
Confirm with . or Enter, or press ? or * to list all spells.
Aiming: Pain (safe; 4% risk of failure)
Press: ? - help, Shift-Dir - straight line, f/p - orc
Aim: an orc, wielding a +0 hand axe (chance to defeat MR: 87%)
The orc writhes in agony.
The orc hits you with a +0 hand axe.
* * * LOW HITPOINT WARNING * * *
Press: ? - help, v - describe, . - travel, g - get item
Here: an orc, wielding a +0 hand axe (lightly wounded)
A +0 short sword.
There is something else lying underneath.
The floor.
You hit the orc but do no damage.
The orc is lightly wounded.
The orc hits you with a +0 hand axe.
You die...

### #.######
#....... #.
#.....
#..####..######
#...@oS...!..#
#...###..####.#
#..! #......#
.... ....).#.#
.#. ###...## #
# S.... .....#.
g...... .......
#


You could see an adder and an orc.

Vanquished Creatures
  3 adders (D:2)
  A worm (D:2)
  2 leopard geckos
  3 orcs (D:3)
  4 giant cockroaches
  7 goblins
  5 hobgoblins
  5 bats
  6 kobolds
  5 rats
41 creatures vanquished.

Vanquished Creatures (collateral kills)
  2 goblins (D:1)
  3 hobgoblins
  A kobold (D:2)
  A rat (D:1)
7 creatures vanquished.

Vanquished Creatures (others)
  A gnoll (D:3)
  A plant (D:2)
2 creatures vanquished.

Grand Total: 50 creatures vanquished

Notes
Turn   | Place    | Note
-------+----------+-------------------------------------------
     0 | D:1      | mitkoXXVII the Mummy Necromancer began the quest for the
                  | Orb.
     0 | D:1      | Reached XP level 1. HP: 13/13 MP: 4/4
     2 | D:1      | Learned a level 1 spell: Animate Skeleton
   324 | D:1      | Reached XP level 2. HP: 15/20 MP: 6/6
   436 | D:1      | Reached skill level 1 in Fighting
  1381 | D:2      | Reached XP level 3. HP: 22/26 MP: 7/7
  1386 | D:2      | Learned a level 3 spell: Vampiric Draining
  1395 | D:2      | Found an opulent altar of Gozag.
  1395 | D:2      | Found a sacrificial altar of Ru.
  1401 | D:2      | Found a shimmering altar of Xom.
  1403 | D:2      | Found an ancient bone altar of Kikubaaqudgha.
  1404 | D:2      | Found a blossoming altar of Fedhas.
  2348 | D:2      | Reached skill level 1 in Shields
  2491 | D:2      | Reached XP level 4. HP: 23/33 MP: 9/9
  2502 | D:2      | Learned a level 4 spell: Animate Dead
  2617 | D:3      | Slain by an orc

Skill      XL: |  1  2  3 |
---------------+----------+-----
Spellcasting   | 3 |  3.6
Fighting       | 1 |  1.9
Shields        | 1 |  1.2
Dodging        | |  1.5
Stealth        | |  1.5
Necromancy     | |  4.5

Action                   |  1- 3 |  4- 6 || total
-------------------------+-------+-------++-------
Melee: Unarmed           |    32 |       ||    32
       Dagger            |   187 |     4 ||   191
 Cast: Pain              |    26 |    10 ||    36
       Animate Skeleton  |    17 |       ||    17
       Animate Dead      |       |     1 ||     1
 Stab: Sleeping          |     4 |       ||     4
Armor: Robe              |    33 |     1 ||    34
Dodge: Dodged            |   109 |     9 ||   118
Block: Buckler           |    22 |     3 ||    25
